 Dungeon Crawl Stone Soup version 0.22-a0-283-g1871b15 (webtiles) character file.

47 newphone the Slasher (level 3, -1/29 HPs)
             Began as a Human Wanderer on Mar 18, 2018.
             Killed from afar by Ijyb (8 damage)
             ... with a wand of flame (7)
             ... on level 3 of the Dungeon.
             The game lasted 00:02:24 (1540 turns).

newphone the Slasher (Human Wanderer)               Turns: 1540, Time: 00:02:25

Health: -1/29      AC:  8    Str: 12    XL:     3   Next: 97%
Magic:  3/3        EV:  9    Int: 12    God:
Gold:   55         SH:  0    Dex: 13    Spells: 2/2 levels left

rFire    . . .     SeeInvis .   b - +0 falchion
rCold    . . .     Gourm    .   (no shield)
rNeg     . . .     Faith    .   a - +2 scale mail
rPois    .         Spirit   .   (no helmet)
rElec    .         Reflect  .   (no cloak)
rCorr    .         Harm     .   (no gloves)
MR       .....                  (no boots)
Stlth    ..........             (no amulet)
HPRegen  0.09/turn              (no ring)
MPRegen  0.08/turn              (no ring)

@: hasted, very quick
A: no striking features
a: no special abilities


You were on level 3 of the Dungeon.
You were not hungry.

You visited 1 branch of the dungeon, and saw 3 of its levels.

You collected 55 gold pieces.

Inventory:

Hand Weapons
 b - a +0 falchion (weapon)
Armour
 a - a +2 scale mail (worn)
Jewellery
 f - an uncursed ring of fire {unknown}
Scrolls
 e - 2 scrolls of identify {unknown}
 g - 2 scrolls of immolation {unknown}
 i - 2 scrolls of enchant armour {unknown}
Comestibles
 d - a ration


   Skills:
 * Level 3.0 Fighting
 * Level 3.1 Long Blades
   Level 1.0 Axes
 - Level 2.0 Armour
 - Level 1.0 Dodging
 + Level 1.0 Stealth
   Level 1.0 Evocations


You had 2 spell levels left.
You didn't know any spells.

Dungeon Overview and Level Annotations

Branches:
Dungeon (3/15)

Altars:

Annotations:
D:3 Ijyb


Message History

Ijyb is moderately wounded.
You barely miss Ijyb.
Ijyb is moderately wounded.
Ijyb hits you but does no damage.
You hit Ijyb but do no damage.
Ijyb is moderately wounded.
Ijyb zaps a wand.
The puff of flame hits you!
* * * LOW HITPOINT WARNING * * *
You hit Ijyb but do no damage.
Ijyb is moderately wounded.
Ijyb barely misses you.
You hit Ijyb.
Ijyb is heavily wounded.
You hit Ijyb but do no damage.
Ijyb is heavily wounded.
Ijyb barely misses you.
You completely miss Ijyb.
Ijyb is heavily wounded.
Ijyb zaps a wand.
The puff of flame hits you!
You die...

#.# #.# ...
#.# #.# ###
#.# ##.## #.#
#+# ##.#.###g#
#.# #.###..@.#
#.# ##.#.#####
##.## ##.##
##...## #.#
#.....# #.#
##....## #.#
....(..#####.#
###.#........#
#.##########


You could see Ijyb.

Vanquished Creatures
  2 adders (D:2)
  An ooze (D:1)
  2 giant cockroaches (D:1)
  4 goblins
  4 hobgoblins
  A quokka (D:3)
  5 bats
  A frilled lizard (D:2)
  3 kobolds
  2 rats
25 creatures vanquished.

Vanquished Creatures (others)
  4 toadstools (D:1)
4 creatures vanquished.

Grand Total: 29 creatures vanquished

Notes
Turn   | Place    | Note
-------+----------+-------------------------------------------
     0 | D:1      | newphone the Human Wanderer began the quest for the Orb.
     0 | D:1      | newphone set off with: a +2 scale mail, a +0 falchion, a potion of curing, a ration
     0 | D:1      | Reached XP level 1. HP: 16/16 MP: 1/1
   163 | D:1      | Reached XP level 2. HP: 21/23 MP: 2/2
   570 | D:2      | Reached XP level 3. HP: 17/28 MP: 3/3
  1240 | D:2      | Found a faded altar of an unknown god.
  1513 | D:3      | Noticed Ijyb
  1540 | D:3      | Killed from afar by Ijyb

Vault maps used:
D:1:      ldierk_walled_garden_2
D:2:      overflow_temple_1_default, chequers_ecumenical_altar_simple,
          first_ration, serial_bayou_ford_a, lemuel_tele_altar
D:3:      fedhas_altar_1, uniq_ijyb

Skill      XL: |  1  2  3 |
---------------+----------+-----
Long Blades    | 3 |  3.1
Fighting       | 3 |  3.0
Axes           | |  1.0
Armour         | |  2.0
Dodging        | |  1.0
Stealth        | |  1.0
Evocations     | |  1.0

Action                   || total
-------------------------++-------
Melee: Falchion          ||   127
  Use: Potion            ||     3
  Eat: Ration            ||     1
       Chunk             ||     1
Armor: Scale mail        ||    79
Dodge: Dodged            ||    80
       Rpst.: Falchion   ||    27

Table legend:
 A = Spawn XP
 B = Non-spawn XP
 C = Spawn XP percentage of total XP
 D = Spawn monster count
 E = Non-spawn monster count
 F = Spawn count percentage of total count
 G = Total turns spent on level
                    A         B        C        D         E        F      G
               +---------+---------+-------+---------+---------+-------+---------
         Total |       0 |      68 |   0.0 |       0 |      25 |   0.0 |  1540
               +---------+---------+-------+---------+---------+-------+---------
           D:1 |       0 |      26 |   0.0 |       0 |      13 |   0.0 |   523
           D:2 |       0 |      39 |   0.0 |       0 |      10 |   0.0 |   721
           D:3 |       0 |       3 |   0.0 |       0 |       2 |   0.0 |   296
               +---------+---------+-------+---------+---------+-------+---------
